 Dungeon Crawl Stone Soup version 0.28.0-53-g5a82cb258f (webtiles) character file.

Game seed: 615709754457473815

236 Sin92 the Chiller (level 5, 0/38 HPs)
             Began as a Demonspawn Ice Elementalist on Aug 16, 2022.
             Slain by a gnoll
             ... wielding a +0 whip
              (2 damage)
             ... on level 4 of the Dungeon.
             The game lasted 00:06:25 (4850 turns).

Sin92 the Chiller (Demonspawn Ice Elementalist)     Turns: 4850, Time: 00:06:26

Health: 0/38       AC:  2    Str: 10    XL:     5   Next: 77%
Magic:  0/8        EV: 12    Int: 22    God:
Gold:   167        SH:  0    Dex: 16    Spells: 2/9 levels left

rFire   . . .      SeeInvis .   b - +0 whip
rCold   . . .      Faith    .   (no shield)
rNeg    . . .      Spirit   +   a - +0 robe
rPois   .          Reflect  .   (no helmet)
rElec   .          Harm     .   (no cloak)
rCorr   .          Rampage  .   (no gloves)
Will    .....                   (no boots)
Stlth   +++.......              (no amulet)
HPRegen 0.12/turn               j - +6 ring of intelligence
MPRegen 0.22/turn               h - +4 ring of slaying

@: freezing walls, very slightly contaminated
A: thin skeletal structure 1, demonic guardian 1, magic shield, magic
regeneration
a: no special abilities


You were on level 4 of the Dungeon.
You visited 1 branch of the dungeon, and saw 4 of its levels.

You collected 167 gold pieces.

Inventory:

Hand Weapons
 b - a +0 whip (weapon)
Armour
 a - a +0 robe (worn)
Jewellery
 g - a ring of ice
 h - a +4 ring of slaying (right hand)
 j - a +6 ring of intelligence (left hand)
Scrolls
 i - a scroll of amnesia {unknown}
Potions
 c - a potion of degeneration {unknown}
 d - a potion of resistance
 e - a potion of attraction {unknown}
 f - a potion of heal wounds
 k - a potion of haste {unknown}


   Skills:
 + Level 1.7 Fighting
 + Level 1.8 Maces & Flails
 + Level 1.7 Armour
 + Level 2.4 Dodging
 + Level 2.8 Stealth
 + Level 2.6 Spellcasting
 + Level 4.2 Ice Magic


You had 2 spell levels left.
You knew the following spells:

 Your Spells              Type           Power      Damage    Failure   Level
a - Freeze                Ice            84%        1d10      2%          1
b - Frozen Ramparts       Ice            42%        1d6       7%          3
c - Ozocubu's Armour      Ice            21%        N/A       7%          3

Your spell library contained the following spells:

 Spells                   Type           Power      Damage    Failure   Level
 Ensorcelled Hibernation  Hex/Ice        24%        N/A       9%          2
 Passwall                 Tmut/Erth      1%         N/A       21%         2
 Swiftness                Air            2%         N/A       36%         3
 Hailstorm                Conj/Ice       12%        3d5       47%         4


Dungeon Overview and Level Annotations

Branches:
Dungeon (4/15)
 Temple: D:4-7

Altars:
Cheibriados


Innate Abilities, Weirdness & Mutations

You have a somewhat thin skeletal structure. (Dex +2, Stealth+)
A weak demonic guardian rushes to your aid.
When hurt, damage is shared between your health and your magic reserves.
You regenerate magic rapidly.


Message History

You feel sick.
You feel sick.
You feel sick.
The frozen ramparts melt away.
You feel sick.
You are no longer poisoned.
Key pressed, stopping explore.
No target in view!
i - a scroll labelled TAOLOPLEZO No target in view!
k - a fizzy orange potion No target in view!
Found a gnarled runed staff.
No target in view!
A gnoll comes into view. It is wielding a +0 whip.
An ogre comes into view. It is wielding a +0 giant spiked club.
Found a scroll labelled TAOLOPLEZO.
There are monsters nearby!
There are monsters nearby!
The ogre shouts!
An ogre is nearby!
There are monsters nearby!
You hit the ogre.
The ogre is lightly wounded.
The ogre closely misses you.
You miscast Frozen Ramparts.
You are very lightly contaminated with residual magic.
Nothing appears to happen.
The walls around you are covered in ice.
The wall freezes the ogre.
The ogre hits you with a +0 giant spiked club!!
Ouch! That really hurt!
* * * LOW HITPOINT WARNING * * *
A demonic guardian appears!
Unknown command.
You feel much better.
The wall freezes the ogre.
The ogre hits you with a +0 giant spiked club!!
Ouch! That really hurt!
* * * LOW HITPOINT WARNING * * *
The wall freezes the gnoll.
The gnoll hits you with a +0 whip.
You die...

#..###...##...#..... ..
##..###..####........ ..
##.....#.## #.....#..
###.#........######....##.
......(..#......###....##.
.##....##.....#..........
#.....#..............).
#.#....#5......#......#.
.......g@......##......#.
.........O...............#
..#..#...#..#...........##
.#....#.#?...#.........##
############# .......##
....... .....#. ....###
...#


You could see an ogre (ally target), a gnoll and a friendly ufetubus (summoned).

Vanquished Creatures
  A jelly (D:4)
  An iguana (D:4)
  An orc wizard (D:3)
  A mummy (D:3)
  7 adders
  3 dart slugs
  4 orcs
  3 endoplasms
  A giant cockroach (D:2)
  7 goblins
  7 hobgoblins
  4 jackals (D:2)
  2 quokkas
  7 ball pythons
  6 bats
  2 frilled lizards
  7 kobolds
  11 rats
75 creatures vanquished.

Vanquished Creatures (collateral kills)
  An orc (D:3)
1 creature vanquished.

Grand Total: 76 creatures vanquished

Notes
Turn   | Place    | Note
-------+----------+-------------------------------------------
     0 | D:1      | Sin92 the Demonspawn Ice Elementalist began the quest for
                  | the Orb.
     0 | D:1      | Reached XP level 1. HP: 13/13 MP: 3/3
   100 | D:1      | Found a faded altar of an unknown god.
   238 | D:1      | Gained mutation: You regenerate magic rapidly. [demonic
                  | ancestry]
   238 | D:1      | Reached XP level 2. HP: 8/19 MP: 3/5
  1527 | D:1      | Gained mutation: When hurt, damage is shared between your
                  | health and your magic reserves. [demonic ancestry]
  1527 | D:1      | Reached XP level 3. HP: 13/25 MP: 6/6
  1981 | D:2      | Reached skill level 1 in Maces & Flails
  2045 | D:2      | Reached skill level 1 in Armour
  2136 | D:2      | Reached skill level 1 in Fighting
  2402 | D:2      | Gained mutation: You have a somewhat thin skeletal
                  | structure. (Dex +2, Stealth+) [demonic ancestry]
  2402 | D:2      | Reached XP level 4. HP: 32/32 MP: 2/7
  2554 | D:2      | Learned a level 3 spell: Frozen Ramparts
  2558 | D:2      | Learned a level 3 spell: Ozocubu's Armour
  3002 | D:3      | Reached skill level 4 in Ice Magic
  3371 | D:3      | Found a snail-covered altar of Cheibriados.
  3768 | D:3      | Gained mutation: A weak demonic guardian rushes to your
                  | aid. [demonic ancestry]
  3768 | D:3      | Reached XP level 5. HP: 7/37 MP: 1/8
  3771 | D:3      | HP: 1/37 [orc/+0 club (3)]
  4843 | D:4      | Noticed an ogre
  4850 | D:4      | Slain by a gnoll

Illustrated notes

Levels and vault maps discovered:
D:1:      lordsloth_arrival_two_stooges, layout_basic,
          shapermc_ecumenical_altar_mp_urbaneastern, hangedman_decor_opposing
D:2:      layout_rooms
D:3:      layout_loops_ring, slow_altar_1
D:4:      wad_river_or_something, layout_cave_pools, ebering_ghost_gozag

Skill      XL: |  1  2  3  4 |
---------------+-------------+-----
Stealth        | 2 |  2.8
Dodging        | 2 |  2.4
Maces & Flails | 1 |  1.8
Armour         | 1 |  1.7
Fighting       | 1 |  1.7
Ice Magic      | 4 |  4.2
Spellcasting   | |  2.6

Action                   |  1- 3 |  4- 6 || total
-------------------------+-------+-------++-------
Melee: Whip              |    67 |    99 ||   166
       Unarmed           |     5 |       ||     5
       Punch             |     2 |     1 ||     3
 Cast: Freeze            |    52 |    28 ||    80
       Frozen Ramparts   |       |     3 ||     3
  Use: Potion            |       |     5 ||     5
       Scroll            |       |     2 ||     2
 Stab: Sleeping          |     3 |     4 ||     7
Armor: Robe              |    18 |    20 ||    38
Dodge: Dodged            |    70 |    61 ||   131
